 Dungeon Sprint DCSS version 0.31-a0-18-gea43df2a32 (webtiles) character file.

Game seed: 278309348188229192

292 bmack86 the Cleaver (level 6, -14/68 HPs)
             Began as a Minotaur Berserker on May 10, 2023.
             Was a Believer of Trog.
             Demolished by a slime creature (20 damage)
             ... in the Dungeon (Sprint I: "Red Sonja").
             The game lasted 00:02:08 (288 turns).

bmack86 the Cleaver (Minotaur Berserker)             Turns: 288, Time: 00:02:10

Health: -14/68     AC:  2    Str: 24    XL:     6   Next: 10%
Magic:  5/5        EV: 12    Int:  4    God:    Trog [**....]
Gold:   182        SH:  0    Dex:  9    Spells: 5/5 levels left

rFire   . . .        m - +0 bardiche
rCold   . . .        (shield currently unavailable)
rNeg    . . .        b - +0 animal skin
rPois   .            (helmet restricted)
rElec   .            (no cloak)
rCorr   .            (no gloves)
SInv    .            (no boots)
Will    .....        (no amulet)
Stlth   +            (no ring)
HPRegen 0.31/turn    (no ring)
MPRegen 0.09/turn

%: no teleportation
@: no status effects
A: horns 2, retaliatory headbutt
a: Renounce Religion, Berserk, Trog's Hand


You were in the Dungeon.
You worshipped Trog.
Trog was pleased with you.
You visited 1 branch You collected 182 gold pieces.

Inventory:

Hand Weapons
 a - a +0 hand axe
 j - a +2 dagger of holy wrath
 m - a +0 bardiche (weapon)
Armour
 b - a +0 animal skin (worn)
 k - a +0 leather armour
Wands
 i - a wand of paralysis (5)
Scrolls
 h - a scroll of blinking
 l - a scroll of enchant armour {unknown}
Potions
 c - a potion of curing
 d - a potion of heal wounds
 e - a potion of haste
 f - 2 potions of magic
 g - a potion of berserk rage


   Skills:
 + Level 11.4 Fighting
 - Level 11.4 Axes
 + Level 0.0(7.1) Polearms
 - Level 2.4 Armour
 - Level 2.1 Dodging
 + Level 0.0 Evocations


You had 5 spell levels left.
You didn't know any spells.
Your spell library was empty.

Dungeon Overview and Level Annotations

Branches:
Dungeon (1/1)

Altars:
Makhleb
Sif Muna
Vehumet
Wu Jian
Xom
Jiyva
Lugonu


Innate Abilities, Weirdness & Mutations

You have a pair of horns on your head.
You reflexively headbutt those who attack you in melee.


Message History

There is an open door here.
You see here a +0 bardiche.
m - a +0 bardiche Nothing quivered!
Your +2 dagger of holy wrath stops glowing.
m - a +0 bardiche (weapon)
You start resting.
You are no longer corroded.
Okay, then.
You start resting.
HP restored.
There is an open door here.
There is a shimmering blue altar of Sif Muna here.
There is an open door here.
You open the door.
A slime creature comes into view.
The slime creature quivers.
Found four altars.
The slime creature hits you.
There is an open door here.
You completely miss the slime creature. The slime creature hits you!!
You slash the slime creature! You headbutt the slime creature.
The slime creature is moderately wounded.
The slime creature hits you! The slime creature hits you!!
* * * LOW HITPOINT WARNING * * *
You slash the slime creature!
The slime creature is heavily wounded.
The slime creature barely misses you. The slime creature closely misses you.
You slash the slime creature!
You headbutt the slime creature, but do no damage.
The slime creature is heavily wounded.
The slime creature hits you!
* * * LOW HITPOINT WARNING * * *
You slash the slime creature!
Your headbutt misses the slime creature.
The slime creature is severely wounded.
The slime creature closely misses you. You furiously retaliate!
You headbutt the slime creature, but do no damage.
The slime creature hits you!!
You die...

###################
#<.#..)..#..'..#__#
#..'..#..').#..@J.+
#..#####'#####'#__#
#..# #..# #.####
#..# #### ##.# #..#
#+#_.+ #⌠⌠# +..._#
#### #_.#'# ##+#.#
###


You could see a slime creature.

Vanquished Creatures
  Sigmund (D)
  An ogre (D)
  A jelly (D)
  Ijyb (D)
4 creatures vanquished.

Notes
Turn   | Place    | Note
-------+----------+-------------------------------------------
     0 | D        | bmack86 the Minotaur Berserker began the quest for the Orb.
     0 | D        | Reached XP level 1. HP: 19/19 MP: 0/0
     2 | D        | Noticed Ijyb
    14 | D        | Paralysed by Ijyb for 3 turns
    18 | D        | Killed Ijyb
    19 | D        | Reached XP level 2. HP: 25/30 MP: 1/1
    55 | D        | Noticed an ogre
    61 | D        | Killed an ogre
    62 | D        | Reached XP level 3. HP: 35/41 MP: 2/2
    62 | D        | Reached XP level 4. HP: 42/49 MP: 3/3
   127 | D        | Noticed Sigmund
   137 | D        | Killed Sigmund
   137 | D        | Reached ** piety under Trog
   138 | D        | Reached XP level 5. HP: 44/60 MP: 4/4
   152 | D        | Found an ornate altar of the Wu Jian Council.
   152 | D        | Found a shimmering blue altar of Sif Muna.
   154 | D        | Found a radiant altar of Vehumet.
   161 | D        | Reached XP level 6. HP: 32/68 MP: 5/5
   282 | D        | Found a burning altar of Makhleb.
   282 | D        | Found a viscous altar of Jiyva.
   282 | D        | Found a shimmering altar of Xom.
   282 | D        | Found a corrupted altar of Lugonu.
   282 | D        | Noticed a slime creature
   288 | D        | Demolished by a slime creature

Illustrated notes

Levels and vault maps discovered:
D:        dungeon_sprint_1 [red_sonja_temple_1, red_sonja_temple_small_1]

Skill      XL: |  1  2  3  4 |
---------------+-------------+-----
Fighting       | 6 8 11 | 11.4
Axes           | 6 8 11 | 11.4
Armour         | |  2.4
Dodging        | |  2.1

Action                     |  1- 3 |  4- 6 || total
---------------------------+-------+-------++-------
  Melee: Hand axe          |    12 |       ||    12
         Dagger            |     5 |    13 ||    18
         Headbutt          |     1 |     7 ||     8
         Bardiche          |       |     5 ||     5
 Invoke: Berserk           |     2 |       ||     2
 Armour: Animal skin       |       |     1 ||     1
  Dodge: Dodged            |     4 |     9 ||    13

Table legend: (Time is in decaauts)
 A = Elapsed time spent in this place.
 B = Non-inter-level travel time spent in this place.
 C = Inter-level travel time spent in this place.
 D = Time resting spent in this place.
 E = Time spent auto-exploring this place.
 F = Levels seen in this place.
 G = Mean time per level.
                   A        B        C        D        E       F      G
               +--------+--------+--------+--------+--------+-----+--------+
         Total |    302 |    302 |      0 |    198 |      0 |   1 |  302.0 |
       Dungeon |    302 |    302 |      0 |    198 |      0 |   1 |  302.0 |
               +--------+--------+--------+--------+--------+-----+--------+

Top non-repeatable levels by time:
       D: 302 daAuts
